cohdb
Replays
Latest Replays
All Replays
Popular Replays
Top Player Replays
Match Explorer
How It Works
Community
CoH3 Stats
Reddit
Sign in to upload your games and track your stats! →
Sign in with Steam
Match 44742721
Unlisted
Match 44742721
Overview
Messages
Build Orders
End
Construct Section Command Post
Vickers Machine Gun Team
Selects Heavy Armor Battlegroup
Dingo Light Scout Car
Dingo Light Scout Car
Infantry Section
Construct Platoon Command Post
6-pounder Anti-tank Gun Team
Humber Armored Car
Selects Light Vehicle Withdraw and Refit
Light Vehicle Withdraw and Refit
Light Vehicle Training
Infantry Section
Royal Engineer Section
Light Vehicle Withdraw and Refit
Humber Armored Car
Unlock Bishop Self-propelled Artillery
Bishop Self-propelled Artillery
Infantry Section
Selects Rigorous Vehicle Training
Grenade Package
19禁
袅炸天
JT
SAM
Hirai Yuzuru
xiizinpiing
0
0
Comments
sign in to comment!
No comments posted yet!